 Dungeon Crawl Stone Soup version 0.27-a0-1119-gbf574a6a6b (webtiles) character file.

Game seed: 5738141401433650992

106 spiderkeys the Chopper (level 4, -1/41 HPs)
             Began as a Hill Orc Monk on May 3, 2021.
             Slain by a water moccasin (6 damage)
             ... on level 3 of the Dungeon.
             The game lasted 00:03:19 (3533 turns).

spiderkeys the Chopper (Hill Orc Monk)              Turns: 3533, Time: 00:03:20

Health: -1/41      AC:  4    Str: 14    XL:     4   Next: 84%
Magic:  4/4        EV: 12    Int: 10    God:
Gold:   106        SH:  0    Dex: 13    Spells: 3/3 levels left

rFire    . . .     SeeInvis .   a - +0 hand axe
rCold    . . .     Faith    .   (no shield)
rNeg     . . .     Spirit   .   i - +0 leather armour
rPois    .         Reflect  .   f - +1 hat
rElec    .         Harm     .   (no cloak)
rCorr    .         Rampage  .   (no gloves)
Will     .....                  (no boots)
Stlth    ++........             (no amulet)
HPRegen  0.13/turn              (no ring)
MPRegen  0.09/turn              (no ring)

@: no status effects
A: no striking features
a: no special abilities


You were on level 3 of the Dungeon.
You visited 1 branch of the dungeon, and saw 3 of its levels.

You collected 145 gold pieces.
You spent 39 gold pieces at shops.


   Skills:
 + Level 4.4 Fighting
 * Level 5.8 Axes
 + Level 2.1 Armour
 - Level 2.4 Dodging
 - Level 1.5 Stealth


You had 3 spell levels left.
You didn't know any spells.
Your spell library was empty.

Inventory:

Hand Weapons
 a - a +0 hand axe (weapon)
Missiles
 d - 89 stones (quivered)
 g - 7 silver boomerangs
 j - 14 arrows
 k - 8 bolts
Armour
 f - a +1 hat (worn)
   (You found it on level 1 of the Dungeon)
 i - a +0 leather armour (worn)
   (You found it on level 2 of the Dungeon)
Magical Staves
 c - a staff of fire {!a}
   (You found it on level 1 of the Dungeon)
Scrolls
 h - a scroll of teleportation {@r4}
 m - a scroll of identify {@r1}
Potions
 b - a potion of flight
 e - a potion of cancellation
 l - a potion of curing {@q1}
 n - a potion of lignification {unknown}

Dungeon Overview and Level Annotations

Branches:
Dungeon (3/15)

Altars:

Shops:
D:2 ! D:3

* #........#......<
...... #........#.......
. ......
#........#......∩ ..
...... #........#.......
#
......##........#......8
#
..........).....#.......
##
#..........#†...#.......
..
#.....S..b.......#######
.. #......@.........# .
#..##............#
#............#
+............#
#............#
#####........#
##.####### #.# #.#


You could see a water moccasin and a bat.


Message History

Your hp is fully restored (41).
The bat hits you but does no damage.
A bat is nearby!
The bat hits you. 😕 HP[-1]
You take 1 damage, and now have 40/41 hp.
The bat hits you but does no damage.
A bat is nearby!
The bat closely misses you.
You miss the bat. The bat barely misses you.
The bat hits you but does no damage. The bat closely misses you.
A bat is nearby!
You hit the bat.
You kill the bat!
No target in view!
You see here a bat corpse.
Found a stone staircase leading down.
No target in view! 😎 HP[+1]
Your hp is fully restored (41).
Key pressed, stopping explore.
No target in view!
You open the door.
There is an open door here.
n - a purple potion
Found an escape hatch in the floor.
You now have 106 gold pieces (gained 10).
There is an escape hatch in the floor here.
Found Kifiu's General Store.
Found an escape hatch in the ceiling.
There is an entrance to Kifiu's General Store here.
A rat comes into view.
A rat is nearby!
You hit the rat but do no damage. The rat bites you but does no damage.
You hit the rat.
You kill the rat!
No target in view!
No target in view!
A water moccasin comes into view.
The water moccasin hisses angrily.
A bat comes into view.
There are monsters nearby!
There are monsters nearby!
The bat misses you. The water moccasin bites you! 😕 HP[-9]
You take 9 damage, and now have 32/41 hp.
MASSIVE DAMAGE!! (PAUSE)
You barely miss the water moccasin. You closely miss the bat.
The bat misses you. The water moccasin closely misses you.
You miss the water moccasin. You barely miss the bat.
The bat hits you but does no damage.
The water moccasin bites you but does no damage. x2 😕 HP[+1]
You closely miss the water moccasin. The bat barely misses you.
The water moccasin bites you. 😮 HP[-4]
You take 4 damage, and now have 29/41 hp.
You are too injured to fight recklessly!
You hit the water moccasin but do no damage.
You hit the bat. The bat barely misses you. The water moccasin misses you.
The water moccasin bites you. 😮 HP[-1]
You take 1 damage, and now have 28/41 hp.
You slash the water moccasin! The bat closely misses you.
The water moccasin misses you.
You miss the water moccasin. The bat barely misses you.
The water moccasin bites you but does no damage.
You hit the water moccasin. You barely miss the bat.
The bat closely misses you. The water moccasin bites you!
The bat barely misses you.
The water moccasin bites you but does no damage. 😮 HP[-7]
You take 7 damage, and now have 21/41 hp.
You closely miss the water moccasin. You barely miss the bat. The bat hits you.
* * * LOW HITPOINT WARNING * * *
The water moccasin bites you.
* * * LOW HITPOINT WARNING * * *
😨 HP[-3]
You take 3 damage, and now have 18/41 hp.
You hit the water moccasin. You closely miss the bat.
The bat hits you but does no damage.
The water moccasin bites you but does no damage.
The water moccasin bites you.
* * * LOW HITPOINT WARNING * * *
😨 HP[-3]
You take 3 damage, and now have 15/41 hp.
You hit the water moccasin. The bat completely misses you.
The water moccasin bites you.
* * * LOW HITPOINT WARNING * * *
😨 HP[-2]
You take 2 damage, and now have 13/41 hp.
You barely miss the water moccasin. You hit the bat but do no damage.
The bat barely misses you. The water moccasin bites you!
* * * LOW HITPOINT WARNING * * *
😱 HP[-8]
You take 8 damage, and now have 5/41 hp.
You completely miss the water moccasin. You miss the bat.
The bat barely misses you. The water moccasin barely misses you.
The water moccasin bites you.
You die...

Skill      XL: |  1  2  3  4 |
---------------+-------------+-----
Armour         | 1 2 |  2.1
Fighting       | 4 |  4.4
Axes           | 5 |  5.8
Dodging        | |  2.4
Stealth        | |  1.5

Action                   |  1- 3 |  4- 6 || total
-------------------------+-------+-------++-------
Melee: Hand axe          |    88 |   102 ||   190
  Use: Scroll            |     3 |     2 ||     5
 Stab: Sleeping          |     7 |     2 ||     9
       Distracted        |       |     1 ||     1
Armor: Robe              |     9 |       ||     9
       Leather armour    |    10 |    27 ||    37
Dodge: Dodged            |    55 |    71 ||   126

Levels and vault maps discovered:
D:1:      evilmike_arrival_rings, layout_loops_corners,
          ebering_ecumenical_altar_sacrificial
D:2:      layout_basic, serial_shops, shop
D:3:      layout_basic, serial_shops, shop_statue, grunt_ministairs_8,
          uniq_natasha

Notes
Turn   | Place    | Note
-------+----------+-------------------------------------------
     0 | D:1      | spiderkeys the Hill Orc Monk began the quest for the Orb.
     0 | D:1      | Reached XP level 1. HP: 19/19 MP: 1/1
     0 | D:1      | magus.rc [v1.9.10]
   251 | D:1      | Found a faded altar of an unknown god.
   427 | D:1      | HP: 5/20 [ball python (1)]
   433 | D:1      | HP: 4/20 [gnoll/+0 club (2)]
   435 | D:1      | Reached XP level 2. HP: 5/27 MP: 2/2
   708 | D:1      | Reached skill level 1 in Armour
  1102 | D:1      | Reached skill level 4 in Fighting
  1353 | D:2      | Reached XP level 3. HP: 27/33 MP: 3/3
  1458 | D:2      | Reached skill level 5 in Axes
  2017 | D:2      | Reached XP level 4. HP: 38/40 MP: 4/4
  2747 | D:2      | Reached skill level 2 in Armour
  2928 | D:2      | Found Boigh's Distillery.
  2934 | D:2      | Bought a potion of curing for 39 gold pieces
  3496 | D:3      | Found Kifiu's General Store.
  3519 | D:3      | Noticed a water moccasin
  3532 | D:3      | HP: 5/41 [water moccasin (8)]
  3533 | D:3      | Slain by a water moccasin

Vanquished Creatures
  A gnoll (D:1)
  4 adders (D:2)
  4 worms (D:2)
  A dart slug (D:2)
  7 endoplasms
  2 giant cockroaches (D:1)
  3 goblins
  A hobgoblin (D:2)
  A quokka (D:2)
  7 ball pythons
  3 bats
  5 frilled lizards
  8 kobolds
  5 rats
52 creatures vanquished.

Table legend:
 A = Non-vault XP
 B = Vault XP
 C = Vault XP percentage of total XP
 D = Non-vault monster count
 E = Vault monster count
 F = Vault count percentage of total count
                 A         B        C        D         E       F
            +---------+---------+-------+---------+---------+-------
      Total |     152 |       0 |   0.0 |      52 |       0 |   0.0
            +---------+---------+-------+---------+---------+-------
        D:1 |      33 |       0 |   0.0 |      15 |       0 |   0.0
        D:2 |     107 |       0 |   0.0 |      28 |       0 |   0.0
        D:3 |      12 |       0 |   0.0 |       9 |       0 |   0.0
            +---------+---------+-------+---------+---------+-------

Illustrated notes

Table legend:
 A = Kills in this place as a percentage of kills in entire the game.
 B = Kills by you in this place as a percentage of kills by you in the entire game.
 C = Kills by friends in this place as a percentage of kills by friends in the entire game.
 D = Other kills in this place as a percentage of other kills in the entire game.
 E = Experience gained in this place as a percentage of experience gained in the entire game.
 F = Experience gained in this place divided by the number of levels of this place that you have seen.
                   A       B       C       D       E      F
               +-------+-------+-------+-------+-------+----------------------
         Total | 100.0 | 100.0 |   N/A |   N/A | 100.0 |  50.7
       Dungeon | 100.0 | 100.0 |   N/A |   N/A | 100.0 |  50.7
               +-------+-------+-------+-------+-------+----------------------

Table legend: (Time is in decaauts)
 A = Elapsed time spent in this place.
 B = Non-inter-level travel time spent in this place.
 C = Inter-level travel time spent in this place.
 D = Time resting spent in this place.
 E = Time spent auto-exploring this place.
 F = Levels seen in this place.
 G = Mean time per level.
                   A        B        C        D        E       F      G
               +--------+--------+--------+--------+--------+-----+--------+
         Total |   3540 |   3480 |     60 |      0 |   3045 |   3 | 1180.0 |
       Dungeon |   3540 |   3480 |     60 |      0 |   3045 |   3 | 1180.0 |
               +--------+--------+--------+--------+--------+-----+--------+

Top non-repeatable levels by time:
     D:2: 1928 daAuts
     D:1: 1331 daAuts
     D:3: 280 daAuts
